Map: [ESL] Cosmic Sapphire

Players

Hellraiser

  • Race: Protoss Protoss
  • Spawn Location: 5:00

SKillous - Winner!

  • Race: Protoss Protoss
  • Spawn Location: 11:00

Event: DreamHack SC2 Masters 2022 Atlanta (Online)

VOD

Have the link to the VOD?

Description

Time

  • Played on: Oct. 9, 2022, 10:28 a.m.
  • Length: 11:24

All games in this series

Show
View Real Time Build Order
Export as new Build Order

Hellraiser Protoss 

Build Orders:  

Get SALT Encoding   

  12  0:00  Probe  
  13  0:12  Probe  
  14  0:17  Pylon  
  14  0:24  Probe (Chrono Boost)  
  15  0:36  Gateway, Probe (Chrono Boost)  
  16  0:43  Probe (Chrono Boost)  
  16  0:46  Assimilator  
  17  0:51  Probe  
  17  0:54  Assimilator  
  18  1:03  Probe (Chrono Boost)  
  19  1:09  Gateway  
  19  1:12  Probe (Chrono Boost)  
  19  1:17  Probe (Chrono Boost)  
  20  1:24  Cybernetics Core  
  21  1:29  Probe  
  22  1:37  Pylon  
  22  1:41  Probe  
  23  1:55  Probe  
  23  2:00  Warp Gate, Stalker x2  
  28  2:07  Probe  
  29  2:11  Pylon  
  29  2:30  Stalker x2  
  33  2:52  Nexus  
  33  2:56  Probe  
  34  3:01  Sentry  
  34  3:02  Sentry  
  38  3:08  Pylon  
  38  3:15  Probe  
  39  3:20  Shield Battery  
  40  3:27  Probe  
  40  3:33  Twilight Council  
  40  3:43  Probe  
  41  3:48  Stalker x2  
  41  3:55  Probe  
  46  4:05  Probe (Chrono Boost)  
  46  4:07  Probe (Chrono Boost)  
  48  4:16  Probe (Chrono Boost)  
  50  4:17  Phoenix  
  50  4:18  Probe (Chrono Boost)  
  50  4:21  Probe (Chrono Boost)  
  50  4:22  Probe (Chrono Boost)  
  51  4:24  Blink (Chrono Boost)  
  51  4:27  Forge  
  51  4:31  Probe, Pylon  
  53  4:33  Probe  
  54  4:41  Stalker x2  
  54  4:43  Probe  
  59  4:45  Probe  
  60  4:55  Probe  
  60  4:56  Shield Battery  
  60  4:58  Protoss Ground Weapons Level 1 (Chrono Boost), Probe  
  62  5:04  Stalker x2  
  66  5:11  Pylon  
  66  5:21  Pylon  
  66  5:23  Pylon  
  66  5:25  Gateway x2  
  66  5:36  Robotics Facility  
  66  5:39  Probe x2, Pylon  
  66  5:40  Stalker  
  70  5:43  Stalker  
  70  5:48  Assimilator  
  72  5:51  Probe  
  73  5:58  Probe  
  73  6:03  Probe  
  75  6:04  Stalker  
  75  6:06  Stalker  
  75  6:08  Nexus  
  75  6:10  Pylon  
  79  6:13  Probe  
  79  6:16  Probe  
  81  6:20  Stalker x2  
  81  6:24  Observer  
  86  6:29  Probe x2  
  88  6:38  Gateway x2  
  88  6:41  Probe x2 (Chrono Boost)  
  90  6:50  Gateway, Protoss Ground Weapons Level 2 (Chrono Boost)  
  90  6:52  Charge (Chrono Boost), Gateway  
  90  6:53  Probe x2 (Chrono Boost)  
  92  6:59  Probe x2 (Chrono Boost)  
  94  7:10  Pylon  
  94  7:13  Shield Battery  
  94  7:19  Probe  
  94  7:21  Stalker  
  98  7:23  Zealot x3  
  103  7:40  Zealot x2  
  103  7:41  Nexus  
  103  7:43  Zealot x2  
  103  7:44  Zealot  
  113  7:48  Observer  
  113  7:50  Pylon  
  114  7:51  Stalker  
  116  7:59  Probe  
  117  8:08  Zealot x3, Probe  
  117  8:09  Probe  
  125  8:13  Pylon  
  125  8:15  Shield Battery, Pylon  
  125  8:20  Pylon  
  125  8:23  Dark Shrine  
  125  8:29  Pylon  
  125  8:31  Probe  
  125  8:32  Immortal (Chrono Boost), Probe x2, Assimilator  
  132  8:36  Stalker x3  
  138  8:41  Zealot  
  138  8:44  Probe  
  138  8:45  Probe  
  138  8:48  Photon Cannon  
  142  8:49  Photon Cannon  
  142  9:03  Observer (Chrono Boost), Assimilator x2  
  142  9:04  Probe x2, Photon Cannon  
  145  9:15  Zealot x6  
  157  9:20  Stalker x2  
  157  9:31  Shadow Stride (Chrono Boost), Assimilator  
  157  9:33  Probe  
  157  9:34  Probe  
  157  9:35  Assimilator  
  157  9:37  Photon Cannon  
  159  9:39  Probe  
  159  9:45  Probe x2  
  162  9:46  Probe  
  162  9:51  Robotics Bay  
  163  9:59  Nexus  
  159  10:00  Pylon  
  159  10:03  Stalker  
  159  10:06  Observer (Chrono Boost)  
  162  10:13  Probe x2  
  164  10:16  Pylon  
  164  10:19  Pylon  
  162  10:23  Gateway  
  162  10:24  Observer  
  160  10:30  Gateway  
  160  10:34  Dark Templar x8  
  168  10:38  Observer (Chrono Boost)  
  145  11:06  Zealot x4  
  145  11:07  Zealot x2  
  145  11:10  Zealot x2  
Show
View Real Time Build Order
Export as new Build Order

SKillous Protoss - Winner!

Build Orders: Blink Stalkers 

Get SALT Encoding   

  12  0:00  Probe  
  13  0:12  Probe  
  14  0:17  Pylon  
  14  0:25  Probe  
  15  0:35  Gateway  
  15  0:37  Probe (Chrono Boost)  
  16  0:46  Probe (Chrono Boost)  
  16  0:47  Assimilator  
  17  0:51  Probe (Chrono Boost)  
  17  0:55  Assimilator  
  18  1:03  Probe (Chrono Boost)  
  19  1:08  Gateway  
  19  1:13  Probe (Chrono Boost)  
  19  1:18  Probe (Chrono Boost)  
  20  1:25  Cybernetics Core  
  21  1:30  Probe  
  22  1:35  Pylon  
  22  1:42  Probe  
  24  1:54  Probe  
  24  2:01  Warp Gate, Sentry, Stalker  
  28  2:12  Pylon  
  28  2:21  Twilight Council  
  28  2:25  Shield Battery  
  28  2:30  Stalker  
  30  2:41  Stalker  
  32  2:58  Nexus  
  32  3:00  Probe  
  32  3:02  Blink (Chrono Boost)  
  33  3:14  Probe  
  34  3:26  Probe  
  35  3:29  Pylon  
  34  3:34  Pylon  
  34  3:39  Probe  
  35  3:49  Stalker x2  
  35  3:55  Probe  
  40  4:06  Robotics Facility  
  40  4:07  Probe  
  41  4:11  Probe  
  41  4:15  Stalker  
  44  4:19  Probe (Chrono Boost)  
  46  4:27  Probe (Chrono Boost)  
  46  4:30  Stalker  
  48  4:33  Probe (Chrono Boost)  
  48  4:37  Probe (Chrono Boost)  
  48  4:38  Probe (Chrono Boost)  
  50  4:42  Pylon  
  51  4:47  Probe  
  51  4:48  Probe  
  51  4:49  Sentry  
  55  4:57  Observer  
  55  4:59  Probe  
  57  5:00  Probe  
  57  5:02  Assimilator  
  57  5:04  Pylon  
  57  5:07  Stalker  
  60  5:11  Probe  
  60  5:12  Probe  
  62  5:17  Immortal (Chrono Boost)  
  64  5:22  Stalker  
  66  5:30  Nexus  
  66  5:36  Pylon  
  66  5:41  Probe x2  
  66  5:42  Adept  
  70  5:45  Adept  
  72  5:52  Forge  
  72  5:53  Probe x2  
  74  5:57  Assimilator  
  74  6:05  Probe  
  74  6:06  Stalker  
  74  6:07  Stalker  
  74  6:09  Shield Battery  
  74  6:10  Probe  
  80  6:18  Protoss Ground Weapons Level 1 (Chrono Boost), Gateway x2  
  80  6:19  Observer  
  80  6:22  Probe  
  80  6:24  Probe  
  83  6:33  Gateway  
  83  6:35  Probe (Chrono Boost)  
  83  6:36  Probe (Chrono Boost)  
  85  6:42  Probe (Chrono Boost)  
  85  6:43  Stalker x2  
  92  6:47  Observer  
  92  6:51  Probe (Chrono Boost)  
  92  6:52  Probe (Chrono Boost)  
  94  6:54  Probe (Chrono Boost)  
  94  6:57  Probe (Chrono Boost)  
  94  6:58  Probe (Chrono Boost)  
  94  7:00  Gateway  
  96  7:02  Pylon x2  
  96  7:07  Charge, Probe  
  97  7:10  Probe  
  97  7:12  Stalker  
  97  7:15  Probe, Pylon  
  102  7:23  Probe  
  102  7:26  Robotics Bay, Stalker x2  
  102  7:27  Stalker  
  102  7:28  Probe  
  109  7:34  Photon Cannon  
  109  7:36  Shield Battery, Probe  
  110  7:39  Probe  
  110  7:40  Stalker  
  110  7:42  Stalker  
  115  7:47  Robotics Facility  
  115  7:50  Assimilator x2  
  115  7:52  Stalker  
  115  7:54  Stalker  
  115  7:58  Probe, Pylon  
  120  8:01  Shield Battery  
  120  8:07  Probe  
  120  8:08  Protoss Ground Weapons Level 2 (Chrono Boost)  
  121  8:13  Disruptor (Chrono Boost), Probe  
  121  8:18  Pylon  
  125  8:21  Nexus  
  125  8:24  Pylon  
  125  8:26  Photon Cannon  
  125  8:31  Disruptor (Chrono Boost)  
  125  8:37  Shield Battery  
  125  8:39  Probe x2  
  125  8:40  Observer  
  133  8:44  Disruptor (Chrono Boost)  
  133  8:46  Shield Battery  
  133  8:47  Shield Battery  
  133  8:56  Shield Battery  
  133  8:57  Zealot  
  133  8:58  Probe, Pylon  
  139  9:04  Observer  
  139  9:06  Photon Cannon  
  139  9:07  Disruptor (Chrono Boost)  
  139  9:09  Photon Cannon  
  139  9:11  Disruptor (Chrono Boost), Observer  
  139  9:15  Stalker  
  144  9:17  Stalker  
  144  9:21  Probe x2  
  148  9:28  Stalker x3  
  154  9:33  Shield Battery  
  154  9:36  Disruptor (Chrono Boost)  
  157  9:39  Probe  
  156  9:47  Stalker x3  
  156  9:49  Probe, Assimilator  
  156  9:50  Assimilator, Pylon  
  163  9:54  Pylon  
  163  10:03  Probe x2  
  163  10:04  Dark Shrine  
  163  10:05  Shield Battery  
  163  10:06  Photon Cannon  
  165  10:07  Probe, Pylon  
  165  10:10  Stalker  
  165  10:11  Stalker  
  173  10:16  Disruptor (Chrono Boost)  
  173  10:20  Pylon  
  173  10:27  Stalker x4  
  181  10:32  Observer  
  181  10:37  Stalker x2  
  181  10:42  Gateway  
  185  10:43  Disruptor  
  185  10:44  Gateway x2  
  188  10:54  Zealot x4  
  196  11:07  Nexus  
  196  11:09  Pylon  
  196  11:11  Pylon  
Tags
 
Add a new tag
Caveats
  • Supply blocks, unpowered buildings, or Contaminate may cause inaccurate times.
  • Supply counts are checked every 10 seconds.